 Dungeon Crawl Stone Soup version 0.32-a0-12-g7fc57aa741 (webtiles) character file.

Game seed: 13227831914351608529

130015 Xavori the Nimble (level 17, 0/135 HPs)
             Began as a Djinni Chaos Knight on Jan 14, 2024.
             Was a Plaything of Xom.
             Slain by a swamp worm (27 damage)
             ... on level 4 of the Swamp.
             The game lasted 01:03:09 (33920 turns).

Xavori the Nimble (Djinni Chaos Knight)            Turns: 33920, Time: 01:03:10

Health: 0/135      AC: 23    Str: 11    XL:     17   Next: 63%
Gold:   3187       EV: 24    Int: 19    God:    Xom [......] SH: 14 Dex: 23

rFire   + + +        x - +2 scimitar (flame)
rCold   + . .        J - +2 buckler
rNeg    + . .        g - +5 ring mail of Kaoshriul {rC++ Int-2}
rPois   ∞            L - +2 hat
rElec   .            z - +2 cloak
rCorr   .            N - +2 pair of gloves of the Game of Kings {^Contam Rampage Str+3}
SInv    +            (boots unavailable)
Will    ++...        k - amulet of reflection
Stlth   +            W - ring of the Feeding Hero {rF+ rN+ Will+ SInv}
HPRegen 0.42/turn    B - +5 ring of evasion
MPRegen 0.00/turn

%: reflection, rampage, infuse magic (-1 HP)
@: on berserk cooldown, flying, slowed, studying Shapeshifting, very slow
A: sickness immunity, fire resistance 3, cold vulnerability 1, float, innate
caster, HP casting, extra vitality 1, iridescent scales 1, agile 2, clever 1,
robust 1, wild magic 1
a: Renounce Religion


You were on level 4 of the Swamp.
You worshipped Xom.
You were a very special plaything of Xom.
You visited 4 branches of the dungeon, and saw 26 of its levels.

You collected 4806 gold pieces.
You spent 1619 gold pieces at shops.

Inventory:

Hand Weapons
 x - a +2 scimitar of flaming (weapon)
Armour
 g - the +5 ring mail of Kaoshriul (worn) {rC++ Int-2}
   (You took it off an orc on level 7 of the Dungeon)

   Int-2:     It affects your intelligence (-2).
   rC++:      It greatly protects you from cold.
 z - a +2 cloak (worn)
 J - a +2 buckler (worn)
 L - a +2 hat (worn)
 N - the +2 pair of gloves of the Game of Kings (worn) {^Contam Rampage Str+3}
   (You acquired it on level 9 of the Dungeon)

   Str+3:     It affects your strength (+3).
   ^Contam:   It causes magical contamination when unequipped.
   Rampage:   It bestows one free step when moving towards enemies.
 V - +0 acid dragon scales
Jewellery
 a - the dreamshard necklace {Acrobat *Dream}
   (You found it on level 3 of the Swamp)

   [amulet of the acrobat]

   *Dream:    It absorbs a single lethal wound into itself, holding its wearer
   just short of death and releasing dream-creatures to guard them.
   Acrobat:   It increases your evasion while moving and waiting.
 k - an amulet of reflection (around neck)
 B - a +5 ring of evasion (right hand)
 R - a +6 ring of intelligence
 W - the ring of the Feeding Hero (left hand) {rF+ rN+ Will+ SInv}
   (You bought it in a shop on level 2 of the Orcish Mines)

   [ring of willpower]

   rF+:       It protects you from fire.
   rN+:       It protects you from negative energy.
   Will+:     It increases your willpower.
   SInv:      It lets you see invisible.
 Z - a ring of ice
Talismans
 S - a talisman of death
Wands
 d - a wand of mindburst (10)
 v - a wand of quicksilver (17)
 y - a wand of flame (47)
 C - a wand of iceblast (10)
 H - a wand of polymorph (13)
 I - a wand of charming (25)
Scrolls
 c - a scroll of butterflies
 e - 2 scrolls of silence
 f - 7 scrolls of noise
 h - 5 scrolls of enchant armour
 l - 2 scrolls of summoning
 m - 3 scrolls of teleportation
 n - 7 scrolls of fog
 o - 3 scrolls of revelation
 p - 5 scrolls of vulnerability
 E - 2 scrolls of fear
 F - 3 scrolls of enchant weapon
 G - a scroll of poison
 P - 3 scrolls of immolation
 Y - 11 scrolls of identify
Potions
 i - 2 potions of cancellation
 j - a potion of resistance
 r - 5 potions of haste
 s - 3 potions of berserk rage
 t - 8 potions of curing
 u - 2 potions of enlightenment
 w - 3 potions of attraction
 A - a potion of heal wounds
 M - 3 potions of might
 Q - 4 potions of lignification
 X - 3 potions of brilliance
Miscellaneous
 T - a box of beasts (inert)


   Skills:
 + Level 12.0 Fighting
 + Level 11.1 Long Blades
 + Level 11.7 Armour
 + Level 12.8 Dodging
 + Level 6.3 Shields
 * Level 11.6 Spellcasting
 * Level 11.6 Conjurations
 * Level 11.6 Hexes
 * Level 11.6 Summonings
 * Level 11.6 Necromancy
 * Level 11.6 Translocations
 * Level 11.6 Fire Magic
 * Level 11.6 Ice Magic
 * Level 11.6 Air Magic
 * Level 11.6 Earth Magic
 * Level 11.6 Alchemy
 + Level 9.8 Evocations
 * Level 10.8 Shapeshifting


You knew the following spells:

 Your Spells              Type           Power      Damage    Failure   Level
a - Sting                 Conj/Alch      100%       1d9       1%          1
b - Mercury Vapours       Alch/Air       100%       N/A       1%          2
c - Dazzling Flash        Conj/Hex       100%       N/A       1%          3
d - Brom's Barrelling Bo  Conj/Erth      64%        2d8       2%          4
e - Summon Blazeheart Go  Fire/Summ      64%        N/A       2%          4
f - Summon Forest         Summ/Tloc      32%        N/A       6%          5
g - Dispersal             Tloc           32%        N/A       30%         6
h - Conjure Ball Lightni  Conj/Air       32%        3x3d10    30%         6
Your spell library was empty.

Dungeon Overview and Level Annotations

Branches:
Dungeon (15/15)            Temple (0/1) D:6            Lair (5/5) D:10
  Swamp (4/4) Lair:2       Spider (0/4) Lair:2        Slime (0/5) Lair:5
    Orc (2/2) D:11            Elf (0/3) Orc:2        Vaults (0/5) D:13
 Depths (0/4) D:15

Altars:
Dithmenos
Makhleb
Xom
Jiyva

Shops:
D:2 [*?!   D:5 [   D:8 ?   Orc:2 =:[*

Portals:
Trove: D:11 (give +7 demon trident)

Annotations:
D:5 3 runed translucent doors, Azoth's ghost, novice GrFi; croobank's ghost, amateur FeDe
D:12 1 runed translucent door
Lair:5 exclusion: 3 oklob plants
Swamp:1 Roxanne
Swamp:4 exclusion: oklob plant


Innate Abilities, Weirdness & Mutations

You are immune to sickness and miasma.
You are immune to poison.
Your flesh is almost immune to the effects of heat. (rF+++)
You are vulnerable to cold. (rC-)
You float through the air rather than walking.
You learn spells naturally, not from books.
Your magical power is your life essence.
You have superior vitality. (+4 MHP)
You are partially covered in iridescent scales. (AC +2)
You are very agile. (Dex +8, Str/Int -2)
Your mind is acute. (Int +4, Str/Dex -1)
You are robust. (+10% HP)
Your spells are a little harder to cast, but a little more powerful.


Message History

Branches wave dangerously above you.
Your blazeheart golem's core flares to life once more.
You feel roots moving beneath the ground.
The spriggan druid calls out to the beasts of the wild!
Tree limbs sway around you.
You rampage towards the spriggan druid!
Your blazeheart golem disappears in a puff of smoke!
You rampage towards the spriggan druid!
You slice the spriggan druid!! You burn the spriggan druid!
The spriggan druid is severely wounded.
The spriggan druid hits you with a +0 quarterstaff.
* * * LOW HITPOINT WARNING * * *
The swamp drake roars!
You slash the spriggan druid! You burn the spriggan druid.
With its final breath, the spriggan druid offers up its power to the beasts of the wild!
The swamp worm seems to grow more fierce.
The swamp drake seems to grow more fierce.
You kill the spriggan druid!
You hear a splash. x2
The forest abruptly stops moving.
The swamp drake breathes poison at you.
Things that are here:
a +0 quarterstaff; a +0 robe You hit the swamp worm.
You burn the swamp worm.
The swamp worm is moderately wounded.
The swamp worm bites you.
* * * LOW HITPOINT WARNING * * *
You block the swamp worm's attack.
Unknown command.
You slash the swamp worm! You burn the swamp worm.
The swamp worm is severely wounded.
You block the swamp worm's attack.
You completely miss the swamp worm.
The swamp worm is severely wounded.
The swamp worm completely misses you. You block the swamp worm's attack.
You hit the swamp worm. You burn the swamp worm.
The swamp worm is severely wounded.
The swamp worm closely misses you. The swamp drake closely misses you.
The swamp worm bites you!!
You die...

♣♣♣♣♣♣♣♣♣♣
♣♣♣♣♣♣♣♣~...~.~~♣♣
♣♣..♣♣..♣~~~..~§~~♣♣♣♣♣
♣..~♣....~~~.~..§♣~~..♣
♣♣♣♣§.~~~♣...♣♣...~~~~~♣♣
♣~...~~~w~..♣~.~.~~~~~~~♣
♣.~~§~~)@~.%.♣♣~..~~~~~♣♣
♣.~~~~~.~k§~~~♣♣♣♣...~~~♣♣
♣♣~~~~~~~~~§~~♣ ♣♣......~
♣.~~~~~~~§~~~~♣ ♣......~
♣♣~~~~♣..~~~~♣♣ ♣..~.~~§
♣♣♣♣♣~~.~~~~♣ ♣♣♣♣.~~~
♣.~~~~~♣ ♣.~~~ ♣.§~~~~♣
♣.~~~ ##~##


You could see a swamp worm (strong) and a swamp drake (strong).

Vanquished Creatures
  Mara (Swamp:4)
  A thorn hunter (Swamp:4)
  A fenstrider witch (Swamp:4)
  A frost giant (Lair:1)
  An orc warlord (Orc:1)
  2 ghouls (Swamp:3)
  A hydra skeleton (Swamp:4)
  4 eleionomae
  2 green draconians (Swamp:3)
  Azrael (Orc:2)
  6 bunyips
  A shambling mangrove (Swamp:3)
  A fire dragon (Swamp:3)
  Erolcha (Orc:1)
  An ogre mage (D:15)
  5 hydras
  A ghost crab (Swamp:4)
  3 catoblepae
  A death knight (D:14)
  7 alligators
  5 centaur warriors
  2 two-headed ogres (shapeshifter)
  4 boulder beetles
  3 two-headed ogres
  9 death yaks
  A deep troll earth mage (D:14)
  3 orc high priests (Orc:2)
  5 skeletal warriors
  3 goliath frogs
  A spriggan druid (Swamp:4)
  2 spectral hydras (Swamp:4)
  5 bog bodies
  6 swamp dragons
  A deep elf pyromancer (D:15)
  5 orc knights
  3 wolf spiders (D:12)
  5 manticores
  6 will-o-the-wisps
  An ugly thing (D:12)
  A moth of wrath (shapeshifter) (D:13)
  5 cyclopes
  Maurice (D:7)
  8 black mambas
  4 elephants (Lair:5)
  Joseph (D:7)
  7 cane toads
  A torpor snail (Lair:3)
  2 rime drakes
  An efreet (D:14)
  10 komodo dragons
  A troll (shapeshifter) (D:13)
  8 trolls
  A wandering mushroom (D:10)
  A hydra zombie (Swamp:4)
  6 tyrant leeches
  A queen bee (D:12)
  12 hornets
  8 polar bears
  16 blink frogs
  3 dream sheep (Lair:5)
  15 spriggans
  35 yaks
  A wraith (D:12)
  5 basilisks
  2 wargs (Orc:2)
  3 fire elementals (Orc:2)
  2 steam dragons
  5 wyverns
  A golden eye (Lair:4)
  4 redbacks (D:12)
  2 vampire mosquitoes (D:14)
  Menkaure (D:7)
  4 acid dragons
  6 swamp worms
  An acid dragon (shapeshifter) (D:5)
  2 hell hounds (Orc:2)
  11 water moccasins
  Duvessa (D:6)
  27 orc warriors
  A sky beast (D:6)
  An ice beast (D:6)
  9 swamp drakes
  2 laughing skulls
  19 wolves
  9 ogres
  2 black bears
  18 centaurs
  4 boggarts
  7 kobold brigands
  A nameless horror (Orc:2)
  2 gnoll sergeants
  12 bullfrogs
  A scorpion (D:5)
  Dowan (D:6)
  A ballistomycete (D:6)
  9 killer bees
  An electric eel (Lair:5)
  A bombardier beetle (D:5)
  Crazy Yiuf (D:6)
  A gnoll bouda (D:7)
  23 orc priests
  4 hounds
  2 jellies (D:6)
  11 orc wizards
  3 iguanas
  A sleepcap (D:4)
  A scorpion zombie (D:3)
  6 hell rats (Lair:3)
  12 gnolls
  10 adders
  A swamp drake skeleton (Swamp:4)
  A shadow imp (D:6)
  A white imp (D:8)
  2 ufetubi (D:4)
  An adder skeleton (D:3)
  2 dart slugs
  A ribbon worm (D:2)
  68 orcs
  4 endoplasms
  5 giant cockroaches
  8 hobgoblins
  35 kobolds
  3 quokkas
  11 ball pythons
  2 bats (D:2)
  6 frilled lizards
  5 goblins
  A kobold (shapeshifter) (Orc:2)
  4 rats
675 creatures vanquished.

Vanquished Creatures (collateral kills)
  Saint Roka (Orc:1)
  Jorgrun (D:14)
  A thorn hunter (Swamp:3)
  A fenstrider witch (Swamp:1)
  2 hydras (Swamp:4)
  An alligator (Swamp:3)
  A ghost crab (Swamp:4)
  2 orc high priests (Orc:2)
  A goliath frog (Swamp:2)
  A skeletal warrior (D:12)
  2 swamp dragons (Swamp:4)
  An orc knight (Orc:2)
  A kobold blastminer (Orc:2)
  A cane toad (Lair:5)
  A freezing wraith (Swamp:4)
  A hornet (Lair:5)
  A blink frog (Lair:3)
  3 spriggans (Lair:5)
  5 yaks
  2 fire elementals (Orc:2)
  A warg (Orc:1)
  A swamp worm (Swamp:3)
  A hell hound (Orc:2)
  3 hydra simulacra (Swamp:4)
  4 orc warriors
  4 swamp drakes (Swamp:4)
  A black bear (Lair:5)
  A wolf (Lair:5)
  A boggart (Lair:5)
  A bullfrog (Lair:4)
  A jelly (D:8)
  5 orc priests
  A hell rat (Lair:3)
  A gnoll (D:7)
  A swamp drake zombie (Swamp:4)
  6 orcs
  A kobold (D:10)
  9 boulders
73 creatures vanquished.

Vanquished Creatures (others)
  An eldritch tentacle (D:6)
  A spriggan druid (Swamp:4)
  A spectral hydra (Swamp:4)
  A manticore (D:15)
  2 bloated husks
  6 yaks
  A wyvern (Lair:1)
  A swamp worm (Swamp:4)
  A swamp dragon zombie (Swamp:4)
  2 wolves (Lair:5)
  A boggart (Lair:5)
  An orc (Orc:2)
  3 ballistomycete spores (D:6)
  56 blazeheart cores
  10 boulders
  72 foxfires
  4 snaplasher vines
164 creatures vanquished.

Grand Total: 912 creatures vanquished

Notes
Turn   | Place    | Note
-------+----------+-------------------------------------------
     0 | D:1      | Xavori the Djinni Chaos Knight began the quest for the Orb.
     0 | D:1      | Reached XP level 1. HP: 20/20 MP: 0/0
    51 | D:1      | XOM: divination: magic mapping
   136 | D:1      | XOM: scenery: summon butterflies
   140 | D:1      | Reached XP level 2. HP: 25/25 MP: 0/0
   152 | D:1      | XOM: polymorph butterfly -> jelly
   334 | D:1      | XOM: god gift: 721 gold pieces
   481 | D:1      | XOM: scenery: create altars
   621 | D:1      | XOM: give mutations
   621 | D:1      | Gained mutation: You possess an exceptional clarity of
                  | mind. [Xom's mischief]
   621 | D:1      | Gained mutation: You are agile. (Dex +4, Str/Int -1) [Xom's
                  | mischief]
   853 | D:1      | XOM: cloud trail
  2530 | D:1      | XOM: give mutations
  2530 | D:1      | Gained mutation: You are partially covered in iridescent
                  | scales. (AC +2) [Xom's grace]
  2530 | D:1      | Gained mutation: You expend health (3 HP) to strengthen
                  | your wands. [Xom's grace]
  2530 | D:1      | Gained mutation: Your flesh is almost immune to the effects
                  | of heat. (rF+++) [Xom's grace]
  2746 | D:2      | Reached XP level 3. HP: 30/30 MP: 0/0
  2746 | D:2      | Learned a level 1 spell: Sting
  2770 | D:2      | Reached skill level 1 in Spellcasting
  2770 | D:2      | Reached skill level 1 in Conjurations
  2770 | D:2      | Reached skill level 1 in Hexes
  2770 | D:2      | Reached skill level 1 in Summonings
  2770 | D:2      | Reached skill level 1 in Necromancy
  2770 | D:2      | Reached skill level 1 in Translocations
  2770 | D:2      | Reached skill level 1 in Fire Magic
  2770 | D:2      | Reached skill level 1 in Ice Magic
  2770 | D:2      | Reached skill level 1 in Air Magic
  2770 | D:2      | Reached skill level 1 in Earth Magic
  2770 | D:2      | Reached skill level 1 in Alchemy
  2785 | D:2      | Found Izunem's Magic Scroll Boutique.
  2797 | D:2      | Bought a scroll of noise for 13 gold pieces
  2797 | D:2      | Bought a scroll of summoning for 123 gold pieces
  2797 | D:2      | Bought a scroll of identify for 26 gold pieces
  2797 | D:2      | Bought a scroll of teleportation for 39 gold pieces
  2797 | D:2      | Bought a scroll of fog for 52 gold pieces
  2797 | D:2      | Bought a scroll of enchant armour for 97 gold pieces
  2797 | D:2      | Bought a scroll of teleportation for 39 gold pieces
  2797 | D:2      | Bought a scroll of revelation for 97 gold pieces
  2797 | D:2      | Bought a scroll of vulnerability for 52 gold pieces
  2802 | D:2      | Found a burning altar of Makhleb.
  2891 | D:2      | Reached XP level 4. HP: 22/35 MP: 0/0
  2894 | D:2      | XOM: enchant monster (good)
  3010 | D:2      | XOM: 1-stop teleportation journey
  3093 | D:2      | Found Vowec's General Store.
  3104 | D:2      | Bought 2 potions of berserk rage for 110 gold pieces
  3132 | D:2      | Found Onuunar's Armour Emporium.
  3304 | D:2      | Found Idwot's Distillery.
  3312 | D:2      | Bought a potion of mutation for 104 gold pieces
  3312 | D:2      | Bought a potion of berserk rage for 65 gold pieces
  3312 | D:2      | Bought a potion of curing for 39 gold pieces
  3692 | D:3      | Reached XP level 5. HP: 31/40 MP: 0/0
  3692 | D:3      | Learned a level 2 spell: Mercury Vapours
  4145 | D:3      | XOM: summons 2 hostile demons
  4478 | D:4      | Reached XP level 6. HP: 45/47 MP: 0/0
  4662 | D:4      | XOM: 2-stop teleportation journey
  4710 | D:4      | XOM: give mutation
  4710 | D:4      | Lost mutation: You expend health (3 HP) to strengthen your
                  | wands. [Xom's mischief]
  5034 | D:5      | Entered Level 5 of the Dungeon
  5224 | D:5      | XOM: 3-stop teleportation journey
  5283 | D:5      | Reached XP level 7. HP: 45/52 MP: 0/0
  5283 | D:5      | Learned a level 3 spell: Dazzling Flash
  5316 | D:5      | Found Pythraf's Antique Armour Shop.
  5516 | D:5      | Found a runed translucent gate.
  5516 | D:5      | Found a runed translucent gate.
  5516 | D:5      | Found a runed translucent gate.
  5519 | D:5      | Noticed croobank's ghost (amateur FeDe)
  5519 | D:5      | Noticed Azoth's ghost (novice GrFi)
  5758 | D:5      | Noticed a water moccasin
  5769 | D:5      | XOM: potion effect (brilliance)
  5771 | D:5      | a water moccasin changed into a shapeshifter
  5771 | D:5      | Noticed a shapeshifter (shapeshifter)
  5771 | D:5      | XOM: polymorph water moccasin -> shapeshifter
  5771 | D:5      | a shapeshifter changed into a fire bat
  5771 | D:5      | Noticed a fire bat (shapeshifter)
  5773 | D:5      | a fire bat changed into a shapeshifter
  5773 | D:5      | Noticed a shapeshifter (shapeshifter)
  5773 | D:5      | XOM: polymorph fire bat -> shapeshifter
  5773 | D:5      | a shapeshifter changed into an acid dragon
  5773 | D:5      | Noticed an acid dragon (shapeshifter)
  5780 | D:5      | XOM: potion effect (experience)
  5780 | D:5      | Reached skill level 5 in Armour
  5780 | D:5      | Reached XP level 8. HP: 35/62 MP: 0/0
  6204 | D:6      | XOM: cast spell 'Olgreb's Toxic Radiance'
  6212 | D:6      | Reached XP level 9. HP: 57/67 MP: 0/0
  6212 | D:6      | Learned a level 4 spell: Brom's Barrelling Boulder
  6399 | D:6      | XOM: noise
  6402 | D:6      | Found a staircase to the Ecumenical Temple.
  6408 | D:6      | XOM: blink monster(s)
  6424 | D:6      | XOM: silly message
  6436 | D:6      | XOM: smoke on damage
  6437 | D:6      | Noticed Duvessa
  6440 | D:6      | Noticed Dowan
  6532 | D:6      | XOM: noise
  6690 | D:6      | XOM: confuse monster(s)
  6822 | D:6      | XOM: divination: detect creatures
  6828 | D:6      | Killed Dowan
  6829 | D:6      | XOM: snakes to sticks
  6830 | D:6      | Killed Duvessa
  6916 | D:6      | XOM: enchant monster (good)
  6919 | D:6      | XOM: polymorph sleepcap -> ballistomycete
  6928 | D:6      | XOM: cast spell 'Malign Gateway'
  7023 | D:6      | XOM: cloud trail
  7063 | D:6      | Found a runed translucent door.
  7064 | D:6      | Noticed Crazy Yiuf
  7071 | D:6      | Killed Crazy Yiuf
  7290 | D:7      | Noticed Menkaure
  7293 | D:7      | XOM: cleaving
  7294 | D:7      | XOM: butterfly on damage
  7296 | D:7      | Killed Menkaure
  7426 | D:7      | Noticed Maurice
  7503 | D:7      | Something stole a +5 ring of evasion
  7516 | D:7      | Killed Maurice
  7517 | D:7      | Reached XP level 10. HP: 34/75 MP: 0/0
  7687 | D:7      | XOM: give mutations
  7687 | D:7      | Lost mutation: You possess an exceptional clarity of mind.
                  | [Xom's mischief]
  7687 | D:7      | Gained mutation: Your spells are a little easier to cast,
                  | but a little less powerful. [Xom's mischief]
  7768 | D:7      | Noticed Joseph
  7878 | D:7      | XOM: summons friendly white imp
  7894 | D:7      | Killed Joseph
  7895 | D:7      | Reached skill level 1 in Evocations
  8211 | D:7      | Identified the +5 ring mail of Kaoshriul {rC++ Int-2}
  8217 | D:7      | XOM: summons friendly shadow imp
  8535 | D:7      | Found a burning altar of Makhleb.
  8541 | D:7      | XOM: give mutations
  8541 | D:7      | Gained mutation: You are robust. (+10% HP) [Xom's grace]
  8541 | D:7      | Gained mutation: Your mind is acute. (Int +4, Str/Dex -1)
                  | [Xom's grace]
  8598 | D:7      | XOM: scenery: create altars
  8762 | D:7      | XOM: give mutations
  8762 | D:7      | Gained mutation: A frigid envelope surrounds you and
                  | freezes all who hurt you. [Xom's grace]
  8762 | D:7      | Gained mutation: You passively map a small area around you.
                  | [Xom's grace]
  8818 | D:8      | XOM: god gift: fizzy purple potion {god gift}
  8890 | D:8      | XOM: cleaving
  8965 | D:8      | XOM: god gift: 6 stones
  9039 | D:8      | XOM: 1-stop teleportation journey
  9141 | D:8      | XOM: scenery: create altars
  9150 | D:8      | a yak changed into a black mamba
  9150 | D:8      | Noticed a black mamba
  9153 | D:8      | Killed a black mamba
  9154 | D:8      | Reached XP level 11. HP: 76/86 MP: 0/0
  9154 | D:8      | Learned a level 4 spell: Summon Blazeheart Golem
  9240 | D:8      | XOM: 8-stop teleportation journey
  9387 | D:8      | Found The Oracle's Delphic Readings.
  9400 | D:8      | Bought a scroll of fear for 52 gold pieces
  9910 | D:9      | XOM: divination: detect items
 10105 | D:9      | Identified 3 scrolls of acquirement
 10107 | D:9      | Acquired a manual of Shapeshifting
 10109 | D:9      | Acquired 1040 gold pieces
 10111 | D:9      | Acquired the +2 pair of gloves of the Game of Kings
                  | {^Contam Rampage Str+3}
 10141 | D:10     | XOM: stealth player
 10141 | D:10     | Entered Level 10 of the Dungeon
 10266 | D:10     | Found a staircase to the Lair.
 10266 | D:10     | Noticed an oklob plant
 10267 | D:10     | XOM: scenery: create altars
 10271 | D:10     | XOM: confuse monster(s)
 10280 | D:10     | XOM: divination: magic mapping
 10290 | D:10     | an oklob plant changed into a wandering mushroom
 10782 | D:10     | Noticed a two-headed ogre
 10810 | D:10     | XOM: summons friendly shadow imp
 10924 | D:9      | XOM: noise
 11041 | D:10     | XOM: summons friendly quasit
 11043 | D:10     | Killed a two-headed ogre
 11601 | Lair:1   | Entered Level 1 of the Lair of Beasts
 11635 | Lair:1   | Noticed a death yak
 11637 | Lair:1   | XOM: summons 11 friendly demons
 11638 | Lair:1   | Noticed a death yak
 11639 | Lair:1   | XOM: cast spell 'Chain of Chaos'
 11639 | Lair:1   | Noticed a death yak
 11641 | Lair:1   | Noticed a death yak
 11643 | Lair:1   | Noticed a death yak
 11665 | Lair:1   | XOM: divination: detect items
 11668 | Lair:1   | XOM: enchant monster (good)
 11701 | Lair:1   | XOM: 2-stop teleportation journey
 11744 | Lair:1   | XOM: divine lightning
 11750 | Lair:1   | XOM: summons 3 friendly demons
 11756 | Lair:1   | XOM: scenery: summon butterflies
 11757 | Lair:1   | XOM: repel stairs
 11763 | Lair:1   | XOM: noise
 11767 | Lair:1   | XOM: potion effect (brilliance)
 11771 | Lair:1   | Killed a death yak
 11773 | Lair:1   | Killed a death yak
 11786 | Lair:1   | Killed a death yak
 11799 | Lair:1   | Killed a death yak
 11804 | Lair:1   | XOM: enchant monster (bad)
 11808 | Lair:1   | Noticed a frost giant
 11808 | Lair:1   | XOM: polymorph something unseen -> frost giant
 12011 | Lair:1   | XOM: confuse monster(s)
 12021 | Lair:1   | XOM: cast spell 'Summon Ice Beast'
 12041 | Lair:1   | XOM: summons friendly iron imp
 12044 | Lair:1   | XOM: polymorph iron imp -> lemure
 12050 | Lair:1   | XOM: smoke on damage
 12052 | Lair:1   | XOM: noise
 12058 | Lair:1   | XOM: enchant monster (bad)
 12069 | Lair:1   | XOM: divination: magic mapping
 12092 | Lair:1   | Killed a frost giant
 12093 | Lair:1   | Reached XP level 12. HP: 21/96 MP: 0/0
 12236 | D:10     | XOM: god gift: scroll of fog
 12474 | Lair:1   | XOM: potion effect (brilliance)
 12475 | Lair:1   | XOM: cleaving
 12480 | Lair:1   | XOM: cleaving
 12506 | Lair:1   | XOM: 3-stop teleportation journey
 12655 | Lair:1   | XOM: silly message
 12670 | Lair:1   | XOM: summons 2 friendly demons
 12675 | Lair:1   | XOM: divination: detect creatures
 12712 | Lair:1   | XOM: cloud trail
 12735 | Lair:1   | XOM: draining
 12795 | Lair:1   | XOM: potion effect (haste)
 13223 | Lair:2   | XOM: scenery: 2 doors open
 13235 | Lair:2   | XOM: fog
 13248 | Lair:2   | Reached skill level 5 in Evocations
 13342 | Lair:2   | XOM: swap monsters
 13383 | Lair:2   | Noticed a boulder beetle
 13389 | Lair:2   | XOM: enchant monster (good)
 13411 | Lair:2   | Killed a boulder beetle
 13509 | Lair:2   | Found a hole to the Spider Nest.
 13529 | Lair:2   | XOM: divine lightning
 13630 | Lair:2   | Found a staircase to the Swamp.
 13679 | Lair:2   | XOM: summons 1 hostile demon
 13773 | Lair:2   | XOM: destruction
 13866 | Lair:2   | XOM: smoke on damage
 13872 | Lair:2   | Reached XP level 13. HP: 83/103 MP: 0/0
 13872 | Lair:2   | Learned a level 5 spell: Summon Forest
 14026 | Lair:2   | XOM: give mutations
 14026 | Lair:2   | Gained mutation: You are very robust. (+20% HP) [Xom's
                  | mischief]
 14026 | Lair:2   | Lost mutation: Your spells are a little easier to cast, but
                  | a little less powerful. [Xom's mischief]
 14026 | Lair:2   | Gained mutation: You passively map the area around you.
                  | [Xom's mischief]
 14750 | Lair:3   | XOM: confusion
 14758 | Lair:3   | XOM: noise
 14767 | Lair:3   | XOM: cast spell 'Summon Small Mammal'
 14780 | Lair:3   | Reached skill level 10 in Dodging
 15127 | Lair:4   | XOM: summons 1 hostile demon
 15212 | Lair:4   | XOM: summons 1 hostile demon
 15283 | Lair:4   | Found a shadowy altar of Dithmenos.
 15288 | Lair:4   | XOM: chaos upgrade
 15443 | Lair:4   | Noticed a five-headed hydra
 15446 | Lair:4   | a five-headed hydra changed into a shapeshifter
 15446 | Lair:4   | XOM: polymorph five-headed hydra -> shapeshifter
 15451 | Lair:4   | XOM: 2-stop teleportation journey
 15464 | Lair:4   | XOM: polymorph blink frog -> golden eye
 15579 | Lair:4   | XOM: chaos cloud
 15739 | Lair:4   | XOM: give mutation
 15739 | Lair:4   | Lost mutation: Your mind is acute. (Int +4, Str/Dex -1)
                  | [Xom's mischief]
 16022 | Lair:4   | XOM: 4-stop teleportation journey
 16164 | Lair:4   | XOM: silly message
 16292 | Lair:4   | XOM: polymorph water moccasin -> wyvern
 16356 | Lair:4   | XOM: summons 1 hostile demon
 16578 | Lair:5   | Entered Level 5 of the Lair of Beasts
 16715 | Lair:5   | XOM: enchant monster (good)
 16784 | Lair:5   | XOM: silly message
 16900 | Lair:5   | XOM: potion effect (berserk rage)
 16901 | Lair:5   | Reached skill level 10 in Spellcasting
 16901 | Lair:5   | Reached skill level 10 in Conjurations
 16901 | Lair:5   | Reached skill level 10 in Hexes
 16901 | Lair:5   | Reached skill level 10 in Summonings
 16901 | Lair:5   | Reached skill level 10 in Necromancy
 16901 | Lair:5   | Reached skill level 10 in Translocations
 16901 | Lair:5   | Reached skill level 10 in Fire Magic
 16901 | Lair:5   | Reached skill level 10 in Ice Magic
 16901 | Lair:5   | Reached skill level 10 in Air Magic
 16901 | Lair:5   | Reached skill level 10 in Earth Magic
 16901 | Lair:5   | Reached skill level 10 in Alchemy
 16973 | Lair:5   | Reached XP level 14. HP: 106/122 MP: 0/0
 16977 | Lair:5   | Reached skill level 10 in Fighting
 17098 | Lair:5   | XOM: silly message
 17171 | Lair:5   | XOM: silly message
 17293 | Lair:5   | XOM: cloud trail
 17341 | Lair:5   | Found a staircase to the Slime Pits.
 17367 | Lair:5   | Found a viscous altar of Jiyva.
 17521 | Lair:5   | XOM: confusion
 17522 | Lair:5   | XOM: blink monster(s)
 17526 | Lair:5   | XOM: destruction
 17548 | Lair:5   | XOM: give mutations
 17548 | Lair:5   | Lost mutation: A frigid envelope surrounds you and freezes
                  | all who hurt you. [Xom's mischief]
 17548 | Lair:5   | Lost mutation: Your flesh is almost immune to the effects
                  | of heat. (rF+++) [Xom's mischief]
 17548 | Lair:5   | Gained mutation: Armour fits poorly on your strangely
                  | shaped body. [Xom's mischief]
 17744 | Lair:5   | XOM: god gift: 42 gold pieces
 17803 | Lair:5   | XOM: cast spell 'Summon Cactus Giant'
 17822 | Lair:5   | XOM: potion effect (invisibility)
 17840 | Lair:5   | XOM: blink monster(s)
 17951 | Lair:5   | Reached skill level 1 in Shapeshifting
 18041 | Lair:5   | XOM: noise
 18051 | Lair:5   | XOM: blink monster(s)
 18196 | Lair:5   | XOM: give mutations
 18196 | Lair:5   | Gained mutation: You have a beak for a mouth. [Xom's grace]
 18196 | Lair:5   | Gained mutation: Your flesh is almost immune to the effects
                  | of heat. (rF+++) [Xom's grace]
 18196 | Lair:5   | Gained mutation: You are covered in fur. (AC +1) [Xom's
                  | grace]
 18196 | Lair:5   | Gained mutation: You are mostly covered in iridescent
                  | scales. (AC +4) [Xom's grace]
 18478 | Lair:5   | XOM: scenery: create altars
 18706 | D:11     | XOM: divination: magic mapping
 18709 | D:11     | XOM: scenery: 1 doors close
 18975 | D:11     | XOM: scenery: 1 doors open, 1 doors close
 19027 | D:11     | XOM: summons 7 friendly demons
 19036 | D:11     | Reached skill level 1 in Shields
 19109 | D:11     | XOM: cleaving
 19113 | D:11     | XOM: scenery: 1 doors open, 1 doors close
 19155 | D:11     | XOM: god gift: robe {god gift}
 19166 | D:11     | XOM: fog
 19309 | D:11     | XOM: enchant monster (good)
 19318 | D:11     | Found a staircase to the Orcish Mines.
 19449 | D:11     | Found a portal to a secret trove of treasure.
 19564 | Orc:1    | Entered Level 1 of the Orcish Mines
 19634 | Orc:2    | Entered Level 2 of the Orcish Mines
 19645 | Orc:2    | XOM: silly message
 19649 | Orc:2    | XOM: silly message
 19650 | Orc:2    | Noticed an orc warlord
 19794 | Orc:1    | XOM: potion effect (berserk rage)
 19801 | Orc:1    | Killed an orc warlord
 19802 | Orc:1    | Reached skill level 10 in Armour
 19865 | Orc:1    | XOM: potion effect (haste)
 19872 | Orc:1    | XOM: silly message
 20207 | Orc:2    | Found a staircase to the Elven Halls.
 20335 | Orc:2    | Noticed Azrael
 20344 | Orc:2    | XOM: potion effect (berserk rage)
 20354 | Orc:2    | Killed Azrael
 20354 | Orc:2    | XOM: potion effect (haste)
 20397 | Orc:2    | Noticed Saint Roka
 20724 | Orc:1    | XOM: god gift: scroll of fog
 20904 | Orc:2    | XOM: confuse monster(s)
 20974 | Orc:1    | XOM: potion effect (brilliance)
 20987 | Orc:1    | Killed Saint Roka
 21096 | Orc:2    | XOM: 4-stop teleportation journey
 21297 | Orc:2    | Found a burning altar of Makhleb.
 21318 | Orc:2    | XOM: enchant monster (good)
 21321 | Orc:2    | XOM: summons 4 friendly demons
 21449 | Orc:1    | Noticed Erolcha
 21452 | Orc:1    | XOM: enchant monster (bad)
 21455 | Orc:1    | XOM: summons friendly crimson imp
 21536 | Orc:1    | XOM: blink monster(s)
 21546 | Orc:1    | Killed Erolcha
 21547 | Orc:1    | Reached XP level 15. HP: 125/130 MP: 0/0
 21547 | Orc:1    | Learned a level 6 spell: Dispersal
 21549 | Orc:1    | XOM: 5-stop teleportation journey
 21873 | Orc:2    | XOM: scenery: summon butterflies
 22004 | Orc:2    | XOM: summons friendly ufetubus
 22239 | Orc:2    | XOM: enchant monster (good)
 22243 | Orc:2    | XOM: summons 3 friendly demons
 22476 | Orc:2    | XOM: polymorph orc priest -> shapeshifter
 22807 | Orc:1    | Reached skill level 5 in Shapeshifting
 22999 | Orc:1    | XOM: divination: magic mapping
 23054 | Orc:2    | XOM: enchant monster (bad)
 23213 | Orc:2    | XOM: summons friendly ufetubus
 23235 | Orc:2    | XOM: cast spell 'Cause Fear'
 23344 | Orc:2    | XOM: give mutations
 23344 | Orc:2    | Gained mutation: Your mind is acute. (Int +4, Str/Dex -1)
                  | [Xom's grace]
 23344 | Orc:2    | Gained mutation: You possess an exceptional clarity of
                  | mind. [Xom's grace]
 23344 | Orc:2    | Gained mutation: You are very agile. (Dex +8, Str/Int -2)
                  | [Xom's grace]
 23387 | Orc:2    | XOM: god gift: lumpy pink potion {god gift}
 23529 | Orc:2    | Found Kieciac's Book Emporium.
 23530 | Orc:2    | Found Juqogavo's Armour Shoppe.
 23530 | Orc:2    | Found Tiweerat's General Store.
 23531 | Orc:2    | Found Xoangotu's Jewellery Emporium.
 23545 | Orc:2    | Bought the ring of the Feeding Hero {rF+ rN+ Will+ SInv}
                  | for 711 gold pieces
 23811 | D:12     | XOM: summons 2 friendly demons
 23928 | D:12     | Found the +9 staff of Olgreb {rPois∞}
 23953 | D:12     | Found a runed translucent door.
 23959 | D:12     | Found a runed translucent gate.
 23959 | D:12     | Found a runed translucent gate.
 23960 | D:12     | Found a runed translucent door.
 23970 | D:12     | Found a runed translucent gate.
 24313 | D:12     | XOM: summons friendly crimson imp
 24318 | D:12     | Reached skill level 10 in Long Blades
 24319 | D:12     | XOM: polymorph black mamba -> boggart
 24389 | D:12     | XOM: torment (73/130 hp)
 24673 | D:13     | XOM: summons friendly iron imp
 24677 | D:13     | XOM: blink monster(s)
 24682 | D:13     | XOM: smoke on damage
 24704 | D:13     | XOM: polymorph centaur -> queen bee
 24706 | D:13     | XOM: polymorph troll -> shapeshifter
 24707 | D:13     | XOM: fog
 24709 | D:13     | XOM: destruction
 24716 | D:12     | XOM: god gift: ancient ring mail {god gift}
 24716 | D:12     | Identified the +2 ring mail "Igrad" {*Corrode +Blink rElec
                  | rC+} (Xom gifted it to you on level 12 of the Dungeon)
 24719 | D:12     | XOM: scenery: summon butterflies
 24720 | D:12     | XOM: scenery: create altars
 25149 | D:13     | XOM: cloud trail
 25155 | D:13     | XOM: 2-stop teleportation journey
 25586 | D:13     | Found a gate to the Vaults.
 26034 | D:13     | XOM: noise
 26358 | D:14     | Noticed Jorgrun
 26366 | D:14     | Killed Jorgrun
 26645 | D:14     | XOM: god gift: short sword {god gift}
 26861 | D:14     | XOM: scenery: 1 doors close
 26946 | D:14     | XOM: stat loss: -1 Dex (21/22)
 26954 | D:14     | XOM: enchant monster (bad)
 27041 | D:14     | Reached XP level 16. HP: 139/139 MP: 0/0
 27380 | D:15     | Entered Level 15 of the Dungeon
 27404 | D:15     | XOM: silly message
 27466 | D:15     | XOM: enchant monster (good)
 27471 | D:14     | XOM: confuse monster(s)
 27951 | D:15     | Found a staircase to the Depths.
 28450 | D:10     | XOM: give mutations
 28450 | D:10     | Lost mutation: You have a beak for a mouth. [Xom's
                  | mischief]
 28450 | D:10     | Lost mutation: You possess an exceptional clarity of mind.
                  | [Xom's mischief]
 28450 | D:10     | Lost mutation: You passively map the area around you.
                  | [Xom's mischief]
 28500 | Swamp:1  | Entered Level 1 of the Swamp
 28583 | Swamp:1  | XOM: stat loss: -1 Int (18/19)
 28688 | Swamp:1  | XOM: summons 9 hostile demons
 29021 | Swamp:1  | Noticed Roxanne
 29077 | Swamp:1  | XOM: stat loss: -1 Int (18/19)
 29126 | Swamp:1  | Noticed a fenstrider witch
 29128 | Swamp:1  | XOM: potion effect (invisibility)
 29133 | Swamp:1  | Killed a fenstrider witch
 29194 | Swamp:1  | XOM: god gift: potion of haste
 29427 | Swamp:1  | XOM: god gift: scroll of summoning
 29487 | Swamp:1  | XOM: confuse monster(s)
 29911 | Swamp:2  | XOM: cleaving
 29916 | Swamp:2  | XOM: destruction
 29944 | Swamp:2  | Reached skill level 5 in Shields
 30023 | Swamp:2  | XOM: 2-stop teleportation journey
 30159 | Swamp:2  | XOM: fog
 30269 | Swamp:2  | You are sucked into a shaft and drop 1 floor!
 30272 | Swamp:3  | Noticed a thorn hunter
 30279 | Swamp:3  | Killed a thorn hunter
 30284 | Swamp:3  | XOM: cleaving
 30284 | Swamp:3  | XOM: smoke on damage
 30308 | Swamp:3  | XOM: cast spell 'Metabolic Englaciation'
 30554 | Swamp:3  | XOM: god gift: 8 stones
 30618 | Swamp:3  | XOM: cloud trail
 30654 | Swamp:3  | XOM: fog
 31086 | Swamp:2  | XOM: scenery: create altars
 31446 | Swamp:3  | Found the dreamshard necklace {Acrobat *Dream}
 31448 | Swamp:3  | XOM: enchant monster (good)
 31608 | Swamp:3  | XOM: scenery: summon butterflies
 31615 | Swamp:3  | XOM: enchant monster (good)
 31625 | Swamp:3  | XOM: cleaving
 31634 | Swamp:3  | XOM: cast spell 'Disjunction'
 31988 | Swamp:3  | XOM: summons 1 hostile demon
 32038 | Swamp:3  | XOM: give mutations
 32038 | Swamp:3  | Lost mutation: You passively map a small area around you.
                  | [Xom's mischief]
 32038 | Swamp:3  | Lost mutation: Armour fits poorly on your strangely shaped
                  | body. [Xom's mischief]
 32131 | Swamp:3  | XOM: 1-stop teleportation journey
 32136 | Swamp:3  | XOM: 6-stop teleportation journey
 32217 | Swamp:3  | Reached XP level 17. HP: 133/147 MP: 0/0
 32217 | Swamp:3  | Learned a level 6 spell: Conjure Ball Lightning
 32398 | Swamp:3  | Reached skill level 10 in Shapeshifting
 32955 | Swamp:4  | Entered Level 4 of the Swamp
 32982 | Swamp:4  | XOM: confusion (+ monsters)
 33076 | Swamp:4  | XOM: give mutations
 33076 | Swamp:4  | Lost mutation: You are mostly covered in iridescent scales.
                  | (AC +4) [Xom's mischief]
 33076 | Swamp:4  | Lost mutation: You are covered in fur. (AC +1) [Xom's
                  | mischief]
 33076 | Swamp:4  | Gained mutation: Your spells are a little harder to cast,
                  | but a little more powerful. [Xom's mischief]
 33076 | Swamp:4  | Lost mutation: You are very robust. (+20% HP) [Xom's
                  | mischief]
 33115 | Swamp:4  | XOM: polymorph spriggan druid -> fire dragon
 33119 | Swamp:4  | XOM: enchant monster (bad)
 33311 | Swamp:4  | Noticed Mara
 33311 | Swamp:4  | XOM: 1-stop teleportation journey
 33313 | Swamp:4  | Noticed Xavori's illusion
 33334 | Swamp:4  | XOM: blink monster(s)
 33343 | Swamp:4  | XOM: blink monster(s)
 33353 | Swamp:4  | XOM: confusion
 33357 | Swamp:4  | Killed Mara
 33362 | Swamp:4  | Noticed a thorn hunter
 33385 | Swamp:4  | Killed a thorn hunter
 33855 | Swamp:4  | XOM: 1-stop teleportation journey
 33861 | Swamp:4  | XOM: divine lightning
 33920 | Swamp:4  | Slain by a swamp worm

Illustrated notes

Levels and vault maps discovered:
D:1:      elethiomel_arrival_infinity_welcomes_careful_drivers,
          layout_loops_ring, minmay_misc_feat_rows, nrook_loot_triangle,
          serial_bayou_pond_a
D:2:      layout_loops_ring, serial_shops, shop, shop_statue, shop,
          nicolae_shop_temple_entry_statues_fountains, basic_altar,
          minmay_lizard_pond
D:3:      layout_rooms, serial_undead, serial_undead_d, serial_undead_a,
          serial_undead_a, serial_undead_e, serial_undead_d, serial_undead_e
D:4:      layout_basic, grunt_ministairs_8
D:5:      layout_cave_pods, gammafunk_ghost_cemetery, serial_shops, shop
D:6:      layout_basic, temple_pool_b, minmay_misc_feat_tower,
          kennysheep_generic_room_7, uniq_duvessa, uniq_crazy_yiuf_cottage
D:7:      layout_basic, mainiacjoe_overflow_alcove_1, uniq_maurice,
          uniq_menkaure, uniq_joseph
D:8:      layout_loops_ring, nicolae_nh_oracle_at_delphi
D:9:      layout_rooms
D:10:     layout_loops_corners, dpeg_oklobed_lair, serial_rivers,
          chequers_serial_rivers_micro_a, chequers_serial_rivers_micro_e,
          chequers_serial_rivers_micro_a, chequers_serial_rivers_small_3,
          chequers_serial_rivers_small_b, hangedman_decor_points
D:11:     layout_roguey, erik_orc_1, nicolae_trove_entry_diagonal
D:12:     layout_rooms, minmay_guarded_unrand_staff_of_olgreb
D:13:     layout_stronghold, david_vaults_4
D:14:     layout_gridville, uniq_jorgrun
D:15:     hellmonk_depths_entry_around_the_bend, layout_rooms,
          small_statue_alley_a
Lair:1:   layout_regular_city
Lair:2:   layout_roguey, swamp_mist, spider_nest_entry_web_field,
          serial_bayou_shore_b
Lair:3:   layout_long_grid
Lair:4:   layout_small_grid, lemuel_centaur_altar
Lair:5:   minmay_lair_end_enchanted_forest, layout_gridlike,
          minmay_slime_entry_oklob_open, uniq_nessos
Swamp:1:  layout_basic_swamp, nicolae_swamp_triple_paths, swamp_pool_5,
          nicolae_swamp_dense_foliage, uniq_roxanne
Swamp:2:  layout_basic_swamp, nicolae_swamp_round_clearing, swamp_pool_1_2,
          nicolae_swamp_some_circles
Swamp:3:  layout_falls_marsh, hangedman_swamp_ruin_wall, swamp_pool_4,
          hangedman_swamp_dais
Swamp:4:  byrel_swamp_growth_death_and_undeath, layout_basic_swamp, uniq_mara
Orc:1:    layout_diamond_mine, uniq_erolcha
Orc:2:    st_orc_pillars, layout_diamond_mine, hangedman_feature_mirror,
          uniq_azrael, uniq_saint_roka

Skill      XL: |  1  2  3  4  5  6  7  8  9 10 11 12 13 14 15 16 17 |
---------------+----------------------------------------------------+-----
Spellcasting   | 1 2 6 7 8 9 10 11 | 11.6
Conjurations   | 1 2 6 7 8 9 10 11 | 11.6
Hexes          | 1 2 6 7 8 9 10 11 | 11.6
Summonings     | 1 2 6 7 8 9 10 11 | 11.6
Necromancy     | 1 2 6 7 8 9 10 11 | 11.6
Translocations | 1 2 6 7 8 9 10 11 | 11.6
Fire Magic     | 1 2 6 7 8 9 10 11 | 11.6
Ice Magic      | 1 2 6 7 8 9 10 11 | 11.6
Air Magic      | 1 2 6 7 8 9 10 11 | 11.6
Earth Magic    | 1 2 6 7 8 9 10 11 | 11.6
Alchemy        | 1 2 6 7 8 9 10 11 | 11.6
Long Blades    | 3 6 7 8 9 10 11 | 11.1
Armour         | 2 5 6 7 8 9 10 11 | 11.7
Dodging        | 3 6 7 8 9 10 11 12 | 12.8
Fighting       | 4 6 7 8 9 10 11 12 | 12.0
Evocations     | 2 4 5 6 7 8 9 |  9.8
Shapeshifting  | 4 7 9 10 | 10.8
Shields        | 2 4 5 6 |  6.3

Action                     |  1- 3 |  4- 6 |  7- 9 | 10-12 | 13-15 | 16-18 || total
---------------------------+-------+-------+-------+-------+-------+-------++-------
  Melee: Falchion          |    69 |   241 |   218 |   273 |       |       ||   801
         Punch             |       |     3 |     2 |    17 |     6 |       ||    28
         Long sword        |       |       |       |   288 |   768 |       ||  1056
         Scimitar          |       |       |       |       |   629 |   630 ||  1259
         Peck              |       |       |       |       |   239 |    34 ||   273
   Cast: Mercury Vapours   |       |     2 |    24 |    52 |    35 |     7 ||   120
         Sting             |       |       |     5 |       |       |       ||     5
         Brom's Barrelling |       |       |     4 |    18 |     5 |       ||    27
         Summon Blazeheart |       |       |       |    16 |    50 |    48 ||   114
         Summon Forest     |       |       |       |       |     6 |     6 ||    12
  Evoke: Wand              |       |       |     1 |     9 |     1 |    12 ||    23
         Box of beasts     |       |       |       |       |     1 |     3 ||     4
    Use: Scroll            |     1 |     5 |     3 |     7 |    12 |     9 ||    37
         Potion            |       |       |     2 |     1 |     1 |     8 ||    12
   Stab: Sleeping          |     2 |       |       |       |       |     1 ||     3
         Paralysed         |       |     2 |       |     1 |       |       ||     3
         Petrifying        |       |       |     1 |     2 |       |     2 ||     5
         Confused          |       |       |       |     5 |       |     4 ||     9
         Distracted        |       |       |       |     1 |     3 |     3 ||     7
         Invisible         |       |       |       |       |     4 |     2 ||     6
         Betrayed ally     |       |       |       |       |     1 |       ||     1
         Petrified         |       |       |       |       |       |     9 ||     9
 Armour: Leather armour    |    38 |   145 |   120 |    24 |       |       ||   327
         Ring mail         |       |       |       |   227 |   751 |   479 ||  1457
  Dodge: Dodged            |    36 |   129 |   151 |   473 |  1278 |   567 ||  2634
  Block: Other             |     9 |    45 |    41 |   113 |   120 |       ||   328
         Reflection        |       |       |     1 |     5 |    36 |    11 ||    53
         Buckler           |       |       |       |       |   527 |   380 ||   907

Table legend: (Time is in decaauts)
 A = Elapsed time spent in this place.
 B = Non-inter-level travel time spent in this place.
 C = Inter-level travel time spent in this place.
 D = Time resting spent in this place.
 E = Time spent auto-exploring this place.
 F = Levels seen in this place.
 G = Mean time per level.
                   A        B        C        D        E       F      G
               +--------+--------+--------+--------+--------+-----+--------+
         Total |  33853 |  32677 |   1176 |   8687 |  17517 |  26 | 1302.0 |
       Dungeon |  17455 |  16879 |    576 |   4310 |   9622 |  15 | 1163.7 |
          Lair |   6955 |   6642 |    313 |    656 |   4418 |   5 | 1391.0 |
         Swamp |   5265 |   5045 |    220 |   1908 |   2070 |   4 | 1316.2 |
  Orcish Mines |   4176 |   4111 |     65 |   1811 |   1406 |   2 | 2088.0 |
               +--------+--------+--------+--------+--------+-----+--------+

Top non-repeatable levels by time:
     D:1: 2737 daAuts
   Orc:1: 2286 daAuts
 Swamp:3: 2228 daAuts
  Lair:5: 2008 daAuts
   Orc:2: 1890 daAuts
    D:10: 1567 daAuts
    D:14: 1545 daAuts
  Lair:4: 1477 daAuts
  Lair:1: 1442 daAuts
 Swamp:2: 1307 daAuts
 Swamp:1: 1299 daAuts
     D:7: 1298 daAuts
    D:13: 1272 daAuts
     D:6: 1260 daAuts
     D:5: 1191 daAuts
